 Dungeon Crawl Stone Soup version 0.26-a0-466-g989023bd0d (webtiles) character file.

Game seed: 9900445927165988527

127 Infinimo the Magician (level 4, -8/30 HPs)
             Began as a Mummy Fire Elementalist on July 30, 2020.
             Killed from afar by an orc wizard (12 damage)
             ... with a puff of flame
             ... on level 3 of the Dungeon.
             The game lasted 00:02:27 (3434 turns).

Infinimo the Magician (Mummy Fire Elementalist)     Turns: 3434, Time: 00:02:27

Health: -8/30      AC:  2    Str: 11    XL:     4   Next: 85%
Magic:  1/9        EV: 12    Int: 15    God:
Gold:   100        SH:  0    Dex: 12    Spells: 9/10 levels left

rFire    x . .     SeeInvis .   f - +0 dagger
rCold    + . .     Faith    .   (no shield)
rNeg     + + +     Spirit   .   a - +0 robe
rPois    ∞         Reflect  .   (no helmet)
rElec    .         Harm     .   (no cloak)
rCorr    .                      (no gloves)
MR       .....                  (no boots)
Stlth    ++........             (no amulet)
HPRegen  0.10/turn              (no ring)
MPRegen  0.11/turn              (no ring)

@: very slightly contaminated
A: no potions, fire vulnerability, cold resistance 1, negative energy resistance
3, torment resistance, unbreathing
a: no special abilities


You were on level 3 of the Dungeon.
You visited 1 branch of the dungeon, and saw 3 of its levels.

You collected 100 gold pieces.

Inventory:

Hand Weapons
 f - a +0 dagger (weapon)
Armour
 a - a +0 robe (worn)
Scrolls
 b - 5 scrolls of remove curse
 c - 4 scrolls of identify {unknown}
 d - a scroll of fear {unknown}
 e - a scroll of amnesia {unknown}


   Skills:
 - Level 1.5 Dodging
 - Level 1.5 Stealth
 + Level 3.6 Spellcasting
 * Level 2.4 Conjurations
 * Level 3.5 Fire Magic


You had 9 spell levels left.
You knew the following spells:

 Your Spells              Type           Power        Failure   Level
a - Foxfire               Conj/Fire      ##..         5%          1

Your spell library contained the following spells:

 Spells                   Type           Power        Failure   Level
 Conjure Flame            Conj/Fire      ##......     17%         3
 Inner Flame              Hex/Fire       #.......     28%         3
 Sticky Flame             Conj/Fire      ##......     50%         4
 Fireball                 Conj/Fire      ##........   83%         5


Dungeon Overview and Level Annotations

Branches:
Dungeon (3/15)

Altars:
Nemelex Xobeh


Innate Abilities, Weirdness & Mutations

You do not drink.
Your flesh is vulnerable to fire.
You are immune to poison.
Your flesh is cold resistant. (rC+)
You are immune to negative energy. (rN+++)
You are immune to unholy pain and torment.
You can survive without breathing.


Message History

The orc wizard is almost dead.
The orc wizard is almost dead.
The orc wizard is almost dead.
The orc hits you with a +0 dagger.
The orc wizard is almost dead.
The orc wizard is almost dead.
The orc wizard hits you with a +0 dagger.
The orc wizard is almost dead.
The orc wizard hits you with a +0 dagger.
* * * LOW HITPOINT WARNING * * *
The orc wizard is almost dead.
The orc wizard hits you with a +0 dagger.
* * * LOW HITPOINT WARNING * * *
Okay, then.
You can't drink.
As you read the scroll labeled QAM CUTONAPH, it crumbles to dust.
You feel blessed for a moment.
It was a scroll of remove curse.
The orc wizard gestures at you while chanting.
The puff of flame hits you! The fire burns you terribly!
You die...

#####.............# #
.........######.#########
###.....# #...(......
#.....# ##.........
##...## #.###.#..# ##.##
#.##...... #.# #.##..#..#
#.### #.##..#..# #.o@#
.......... ###o#
...#.##... #o# >....##..#
#.# ....###.... #.#
...⌠.⌠.. #.. #.._... #..
##⌠.⌠.# >.. ##!#.. #.....


You could see an orc wizard and 2 orcs.

Vanquished Creatures
  Natasha (D:2)
  4 adders
  A gnoll (D:3)
  A worm (D:2)
  4 leopard geckos
  3 giant cockroaches
  11 goblins
  3 hobgoblins
  2 quokkas (D:2)
  7 bats
  3 frilled lizards (D:1)
  9 kobolds
  2 rats
51 creatures vanquished.

Vanquished Creatures (others)
  282 foxfires
282 creatures vanquished.

Grand Total: 333 creatures vanquished

Notes
Turn   | Place    | Note
-------+----------+-------------------------------------------
     0 | D:1      | Infinimo the Mummy Fire Elementalist began the quest for
                  | the Orb.
     0 | D:1      | Reached XP level 1. HP: 13/13 MP: 4/4
   214 | D:1      | Reached skill level 1 in Conjurations
   322 | D:1      | Reached XP level 2. HP: 18/19 MP: 0/5
  1252 | D:2      | Reached XP level 3. HP: 24/24 MP: 3/7
  2387 | D:2      | Noticed Natasha
  2390 | D:2      | Killed Natasha
  2390 | D:2      | Reached XP level 4. HP: 30/30 MP: 1/9
  2807 | D:3      | Found a sparkling altar of Nemelex Xobeh.
  3434 | D:3      | Killed from afar by an orc wizard

Illustrated notes

Levels and vault maps discovered:
D:1:      dpeg_arrival_shrine, layout_rooms
D:2:      layout_basic, uniq_natasha
D:3:      minmay_goblin_kobold_castle, layout_loops_cross,
          nemelex_xobeh_ov_fountains_minmay, minmay_misc_feat_five,
          kennysheep_crisscross, nemelex_lonely_heart_becter

Skill      XL: |  1  2  3 |
---------------+----------+-----
Conjurations   | 1 2 |  2.4
Spellcasting   | 3 |  3.6
Fire Magic     | 3 |  3.5
Dodging        | |  1.5
Stealth        | |  1.5

Action                   |  1- 3 |  4- 6 || total
-------------------------+-------+-------++-------
Melee: Unarmed           |    29 |       ||    29
       Dagger            |       |    19 ||    19
 Cast: Foxfire           |   117 |    57 ||   174
  Use: Scroll            |       |     1 ||     1
Armor: Robe              |    20 |     7 ||    27
Dodge: Dodged            |    60 |    22 ||    82

Table legend: (Time is in decaauts)
 A = Elapsed time spent in this place.
 B = Non-inter-level travel time spent in this place.
 C = Inter-level travel time spent in this place.
 D = Time resting spent in this place.
 E = Time spent auto-exploring this place.
 F = Levels seen in this place.
 G = Mean time per level.
                   A        B        C        D        E       F      G
               +--------+--------+--------+--------+--------+-----+--------+
         Total |   3434 |   3294 |    140 |      0 |   2903 |   3 | 1144.7 |
       Dungeon |   3434 |   3294 |    140 |      0 |   2903 |   3 | 1144.7 |
               +--------+--------+--------+--------+--------+-----+--------+

Top non-repeatable levels by time:
     D:2: 1595 daAuts
     D:1: 1249 daAuts
     D:3: 589 daAuts
